 Dungeon Crawl Stone Soup version 0.29.0-4-gdea44cf6ec (webtiles) character file.

Game seed: 247165246404532589

656 qw the Cleaver (level 7, 0/56 HPs)
             Began as a Barachi Chaos Knight on Sept 3, 2022.
             Slain by a water moccasin (1 damage)
             ... on level 5 of the Dungeon.
             The game lasted 00:02:41 (4538 turns).

qw the Cleaver (Barachi Chaos Knight)               Turns: 4538, Time: 00:02:42

Health: 0/56       AC:  9    Str: 16    XL:     7   Next: 55%
Magic:  7/7        EV:  7    Int: 12    God:
Gold:   218        SH:  0    Dex: 11    Spells: 6/6 levels left

rFire   . . .      SeeInvis .   Y - +2 hand axe (chaos)
rCold   . . .      Faith    .   (no shield)
rNeg    . . .      Spirit   .   g - +0 chain mail
rPois   .          Reflect  .   (helmet restricted)
rElec   .          Harm     .   (no cloak)
rCorr   .          Rampage  .   (no gloves)
Will    .....                   (no boots)
Stlth   ..........              (no amulet)
HPRegen 0.18/turn               (no ring)
MPRegen 0.10/turn               (no ring)

@: lethally poisoned (0 -> -12), slow
A: amphibious, slowness 1, strong legs 1, +LOS, antennae 1
a: Hop


You were on level 5 of the Dungeon.
You visited 1 branch of the dungeon, and saw 5 of its levels.

You collected 218 gold pieces.


Innate Abilities, Weirdness & Mutations

You are amphibious.
You cover ground slowly.
You can hop short distances.
You have an extended range of vision and can be seen from far away.
You have a pair of small antennae on your head.


   Skills:
 - Level 5.2 Fighting
 + Level 8.0 Axes
 - Level 2.0 Throwing
 - Level 3.2 Armour
 - Level 1.1 Dodging


You had 6 spell levels left.
You didn't know any spells.
Your spell library was empty.

Inventory:

Hand Weapons
 k - a +0 flail
 Y - a +2 hand axe of chaos (weapon)
Missiles
 i - 5 javelins (quivered)
Armour
 g - a +0 chain mail (worn)
Scrolls
 h - a scroll of identify
Potions
 d - a potion of curing
 j - a potion of magic {unknown}
 l - a potion of mutation {unknown}
 o - a potion of haste {unknown}
Miscellaneous
 c - a piece from Xom's chessboard (15/15)

Dungeon Overview and Level Annotations

Branches:
Dungeon (5/15)
 Temple: D:4-7

Altars:

Annotations:
Abyss:1 Natasha


Message History

You kill the gnoll!
You miss something.
You feel sick. Something bites you but does no damage. Something bites you.
You closely miss something.
You feel sick. Something bites you but does no damage.
You hit something.
You feel better.
You feel sick. Something bites you!
You miss something.
You feel sick. Something bites you. Something bites you but does no damage.
You closely miss something.
You feel sick. Something bites you but does no damage.
You barely miss something.
You feel sick. Something bites you.
4530 ||| DRINKING 3 potions of curing.
You feel better.
4530 ||| (to cure poison)
Something bites you but does no damage. Something bites you.
You miss something. Something bites you.
You hit something.
Nothing appears to happen.
Something bites you but does no damage. Something bites you.
You hit something.
Space warps around something.
Something bites you but does no damage. x2
You miss something.
Something bites you but does no damage. x2
You barely miss something. Something bites you.
You are lethally poisoned!
Something poisons you!
4536 ||| DRINKING 2 potions of curing.
You feel better.
4536 ||| (to cure poison)
Something bites you! Something bites you but does no damage.
Something completely misses you.
You completely miss something. Something bites you but does no damage.
You closely miss something. Something bites you.
You are lethally poisoned!
Something poisons you! Something bites you.
You die... "Huh?
Did I miss anything?"

#..#.# #..#.# #
#..#.# #.#?.#.#
##.#..#.#
+....>#.#
#..#.#
##+##{#%##
#....@...#
#....)...#
#........#
#..........
#.........###
............
..#.#.......#.
~.....~...~....
..~....#....~..


There were no monsters in sight!

Vanquished Creatures
  Sigmund (D:3)
  Pargi (D:3)
  A phantom (D:4)
  A gnoll bouda (D:4)
  Ijyb (D:4)
  Natasha (twice) (D:4)
  Terence (D:3)
  5 adders
  4 gnolls
  An ufetubus (D:4)
  A worm (D:2)
  5 dart slugs
  6 orcs (D:4)
  11 ball pythons
  6 endoplasms
  3 giant cockroaches
  6 hobgoblins
  2 quokkas
  4 bats
  2 frilled lizards
  2 goblins (D:1)
  5 kobolds
  6 rats
77 creatures vanquished.

Vanquished Creatures (collateral kills)
  A bat (D:3)
  A rat (D:3)
2 creatures vanquished.

Grand Total: 79 creatures vanquished

Notes
Turn   | Place    | Note
-------+----------+-------------------------------------------
     0 | D:1      | qw the Barachi Chaos Knight began the quest for the Orb.
     0 | D:1      | Reached XP level 1. HP: 18/18 MP: 1/1
     0 | D:1      | 0 ||| qw: Version: 0.1-a-102-g441f92d
     0 | D:1      | 0 ||| qw: Game counter: 5278
     0 | D:1      | 0 ||| qw: Always use a shield: true
     0 | D:1      | 0 ||| qw: God list: Okawaru
     0 | D:1      | 0 ||| qw: Allow faded altars: false
     0 | D:1      | 0 ||| qw: Do Orc after D:15 true
     0 | D:1      | 0 ||| qw: Do second Lair branch before Depths: true
     0 | D:1      | 0 ||| qw: Lair rune preference: random
     0 | D:1      | 0 ||| qw: Plans: Normal
     0 | D:1      | 0 ||| PLANNING D:1-11
     0 | D:1      | Fell from the grace of Xom
   279 | D:1      | Reached XP level 2. HP: 24/24 MP: 2/2
   341 | D:1      | Reached skill level 4 in Axes
   418 | D:1      | XOM: give mutation
   418 | D:1      | Gained mutation: You have a pair of small antennae on your
                  | head. [Xom's grace]
   541 | D:1      | 541 ||| Stepping ~*~*~tactically~*~*~ (hiding).
   633 | D:1      | 633 ||| Stepping ~*~*~tactically~*~*~ (stealth).
   660 | D:1      | 660 ||| Stepping ~*~*~tactically~*~*~ (stealth).
   662 | D:1      | 662 ||| Stepping ~*~*~tactically~*~*~ (stealth).
   697 | D:1      | 697 ||| Stepping ~*~*~tactically~*~*~ (stealth).
   708 | D:1      | Found a faded altar of an unknown god.
   754 | D:1      | 754 ||| Stepping ~*~*~tactically~*~*~ (stealth).
   756 | D:1      | 756 ||| Stepping ~*~*~tactically~*~*~ (stealth).
   761 | D:1      | Reached XP level 3. HP: 26/29 MP: 3/3
  1158 | D:1      | 1158 ||| UPGRADING to +0 ring mail.
  1168 | D:1      | 1168 ||| DROPPING +2 leather armour.
  1169 | D:1      | 1169 ||| UPGRADING to +0 scale mail.
  1179 | D:1      | 1179 ||| DROPPING +0 ring mail.
  1180 | D:1      | 1180 ||| READING scroll labelled FUOMAM OXKI.
  1181 | D:1      | 1181 ||| READING scroll labelled SOMADIUWEMUQ.
  1182 | D:1      | 1182 ||| READING scroll labelled CAWOTO NASYPE.
  1187 | D:1      | 1187 ||| READING scroll labelled TEOTHR ZOOPHEU.
  1188 | D:1      | 1188 ||| READING 2 scrolls labelled XIAPTA ZOGGO.
  1329 | D:1      | 1329 ||| DRINKING 2 fuming inky potions.
  1375 | D:1      | 1375 ||| DROPPING potion of lignification.
  1376 | D:1      | 1376 ||| DROPPING scroll of torment.
  1427 | D:2      | 1427 ||| READING scroll of enchant weapon.
  1427 | D:2      | 1427 ||| ENCHANTING +1 hand axe of chaos.
  1448 | D:2      | 1448 ||| DROPPING +0 club.
  1484 | D:2      | Reached skill level 5 in Axes
  1515 | D:2      | XOM: torment (16/29 hp)
  1703 | D:2      | XOM: scenery: summon butterflies
  1731 | D:2      | Reached XP level 4. HP: 36/36 MP: 4/4
  1778 | D:2      | 1778 ||| Stepping ~*~*~tactically~*~*~ (stealth).
  1802 | D:2      | 1802 ||| Stepping ~*~*~tactically~*~*~ (hiding).
  1803 | D:2      | 1803 ||| Stepping ~*~*~tactically~*~*~ (hiding).
  1804 | D:2      | 1804 ||| Stepping ~*~*~tactically~*~*~ (hiding).
  1818 | D:2      | XOM: noise
  1823 | D:2      | 1823 ||| FLEEEEING.
  1824 | D:2      | 1824 ||| FLEEEEING.
  2060 | D:2      | 2060 ||| UPGRADING to +0 chain mail.
  2070 | D:2      | 2070 ||| DROPPING +0 scale mail.
  2071 | D:2      | 2071 ||| READING scroll labelled VATEOP VOMIDY.
  2072 | D:2      | 2072 ||| DRINKING 2 smoky grey potions.
  2073 | D:2      | 2073 ||| DRINKING 2 silvery potions.
  2074 | D:2      | 2074 ||| DROPPING potion of degeneration.
  2373 | D:3      | Noticed Terence
  2382 | D:3      | HP: 8/36 [Terence/+0 flail (2)]
  2383 | D:3      | 2383 ||| READING scroll of teleportation.
  2384 | D:3      | HP: 3/36 [Terence/+0 flail (4)]
  2385 | D:3      | Killed Terence
  2388 | D:3      | 2388 ||| FLEEEEING.
  2389 | D:3      | 2389 ||| FLEEEEING.
  2390 | D:3      | 2390 ||| FLEEEEING.
  2391 | D:3      | 2391 ||| STAIRDANCE
  2658 | D:2      | 2658 ||| READING scroll labelled BID FOUH LOES.
  2762 | D:3      | Reached skill level 6 in Axes
  2770 | D:3      | Noticed Pargi
  2783 | D:3      | Killed Pargi
  2784 | D:3      | Reached XP level 5. HP: 34/44 MP: 5/5
  2881 | D:3      | Noticed Sigmund
  2891 | D:3      | Killed Sigmund
  2892 | D:3      | Reached skill level 7 in Axes
  2892 | D:3      | Reached XP level 6. HP: 26/51 MP: 6/6
  2941 | D:3      | 2941 ||| FLEEEEING.
  2943 | D:3      | 2943 ||| FLEEEEING.
  2944 | D:3      | 2944 ||| FLEEEEING.
  2945 | D:3      | 2945 ||| FLEEEEING.
  3239 | D:3      | 3239 ||| DROPPING +0 whip.
  3265 | D:3      | 3265 ||| DROPPING amulet of magic regeneration.
  3266 | D:3      | 3266 ||| READING scroll labelled NIPHEE QILUTS.
  3304 | D:4      | Reached XP level 7. HP: 37/56 MP: 7/7
  3450 | D:4      | 3450 ||| Stepping ~*~*~tactically~*~*~ (stealth).
  3480 | D:4      | 3480 ||| Stepping ~*~*~tactically~*~*~ (stealth).
  3552 | D:4      | 3552 ||| Stepping ~*~*~tactically~*~*~ (hiding).
  3555 | D:4      | 3555 ||| Stepping ~*~*~tactically~*~*~ (hiding).
  3564 | D:4      | Reached skill level 1 in Throwing
  3571 | D:4      | HP: 13/56 [something (4)]
  3715 | D:4      | 3715 ||| Stepping ~*~*~tactically~*~*~ (stealth).
  3716 | D:4      | 3716 ||| Stepping ~*~*~tactically~*~*~ (stealth).
  3897 | D:4      | Noticed Natasha
  3900 | D:4      | Killed Natasha
  3901 | D:4      | Reached skill level 8 in Axes
  4037 | D:4      | 4037 ||| Stepping ~*~*~tactically~*~*~ (stealth).
  4038 | D:4      | 4038 ||| Stepping ~*~*~tactically~*~*~ (stealth).
  4043 | D:4      | 4043 ||| Stepping ~*~*~tactically~*~*~ (stealth).
  4184 | D:4      | Noticed Natasha
  4185 | D:4      | 4185 ||| Stepping ~*~*~tactically~*~*~ (hiding).
  4191 | D:4      | Killed Natasha
  4192 | D:4      | Reached skill level 3 in Armour
  4245 | D:4      | Noticed Natasha
  4246 | D:4      | 4246 ||| Stepping ~*~*~tactically~*~*~ (stealth).
  4279 | D:4      | 4279 ||| DROPPING scarf of harm.
  4280 | D:4      | 4280 ||| READING 2 scrolls labelled CIK DULUINIA.
  4281 | D:4      | 4281 ||| READING 2 scrolls labelled VOGOETHR QOILYU.
  4282 | D:4      | 4282 ||| READING 3 scrolls of identify.
  4282 | D:4      | 4282 ||| IDENTIFYING dark potion
  4283 | D:4      | 4283 ||| READING 2 scrolls of identify.
  4283 | D:4      | 4283 ||| IDENTIFYING fizzy ruby potion
  4284 | D:4      | 4284 ||| DROPPING scroll of amnesia.
  4285 | D:4      | 4285 ||| DROPPING scroll of magic mapping.
  4286 | D:4      | 4286 ||| DROPPING potion of berserk rage.
  4308 | D:4      | Noticed Ijyb
  4320 | D:4      | HP: 12/56 [Ijyb/puff of flame (4)]
  4321 | D:4      | 4321 ||| DRINKING potion of heal wounds.
  4322 | D:4      | Killed Ijyb
  4366 | D:4      | Banished Natasha
  4431 | D:5      | Entered Level 5 of the Dungeon
  4493 | D:5      | 4493 ||| Stepping ~*~*~tactically~*~*~ (hiding).
  4526 | D:5      | HP: 10/56 [something (7)]
  4529 | D:5      | HP: 3/56 [something (4)]
  4530 | D:5      | 4530 ||| DRINKING 3 potions of curing.
  4530 | D:5      | 4530 ||| (to cure poison)
  4535 | D:5      | HP: 5/56 [something (1)]
  4536 | D:5      | 4536 ||| DRINKING 2 potions of curing.
  4536 | D:5      | 4536 ||| (to cure poison)
  4536 | D:5      | HP: 2/56 [something (8)]
  4538 | D:5      | Slain by a water moccasin

Levels and vault maps discovered:
D:1:      saegor_arrival_simple_b, layout_loops_ring,
          hellmonk_ecumenical_altar_pennies_from_heaven, minmay_liquid_box
D:2:      layout_rooms, minmay_fountain_box
D:3:      layout_loops_cross, serial_park_tiny_pond,
          chequers_serial_rivers_micro_e, kennysheep_flooded_box,
          chequers_serial_rivers_small_3, uniq_terence, uniq_pargi, uniq_sigmund
D:4:      layout_cave_pools, minmay_misc_feat_five, uniq_ijyb, uniq_natasha
D:5:      layout_basic, minmay_temple_entry_offerings, serial_bayou_ford_a,
          nicolae_kite_square_tiling_tiny, uniq_crazy_yiuf_cottage

Skill      XL: |  1  2  3  4  5  6  7 |
---------------+----------------------+-----
Axes           | 4 5 6 7 8 |  8.0
Fighting       | 5 |  5.2
Throwing       | 2 |  2.0
Armour         | 3 |  3.2
Dodging        | |  1.1

Action                   |  1- 3 |  4- 6 |  7- 9 || total
-------------------------+-------+-------+-------++-------
Melee: Hand axe          |    85 |    94 |    89 ||   268
       Punch             |       |     1 |       ||     1
Throw: Javelin           |       |       |    12 ||    12
Invok: Renounce Religion |     1 |       |       ||     1
  Use: Scroll            |     6 |     4 |     4 ||    14
       Potion            |     1 |     2 |     3 ||     6
Armor: Leather armour    |    24 |       |       ||    24
       Scale mail        |    11 |     5 |       ||    16
       Chain mail        |       |    47 |    49 ||    96
Dodge: Dodged            |    34 |    18 |    21 ||    73

Table legend:
 A = Non-vault XP
 B = Vault XP
 C = Vault XP percentage of total XP
 D = Non-vault monster count
 E = Vault monster count
 F = Vault count percentage of total count
                 A         B        C        D         E       F
            +---------+---------+-------+---------+---------+-------
      Total |     475 |     463 |  49.4 |      76 |       5 |   6.2
            +---------+---------+-------+---------+---------+-------
        D:1 |      44 |       0 |   0.0 |      25 |       0 |   0.0
        D:2 |      52 |       0 |   0.0 |      15 |       0 |   0.0
        D:3 |      35 |     392 |  91.8 |      14 |       3 |  17.6
        D:4 |     326 |      71 |  17.9 |      20 |       2 |   9.1
        D:5 |      18 |       0 |   0.0 |       2 |       0 |   0.0
            +---------+---------+-------+---------+---------+-------
